 Dungeon Crawl Stone Soup version 0.17.0-24-gcfadda4 (webtiles) character file.

8843 McCoppin the Cruncher (level 10, -4/93 HPs)
             Began as a Demigod Hunter on Nov 17, 2015.
             Slain by a seven-headed hydra (20 damage)
             ... on level 1 of the Lair of Beasts.
             The game lasted 01:02:09 (12503 turns).

McCoppin the Cruncher (Demigod Hunter)             Turns: 12503, Time: 01:02:26

Health: -4/93      AC: 17    Str: 21    XL:     10   Next: 93%
Magic:  13/13      EV:  6    Int: 15    God:
Gold:   183        SH:  0    Dex: 16    Spells: 0 memorised, 9 levels left

rFire  . . .     SeeInvis .     M - +2 quarterstaff (chaos)
rCold  . . .     Clarity  .     L - +0 plate armour
rNeg   . . .     SustAt   +     (shield currently unavailable)
rPois  .         Gourm    .     y - +1 helmet
rElec  .         Spirit   .     u - +2 cloak
rCorr  .         Warding  .     (no gloves)
rMut   .         Stasis   .     v - +1 pair of boots
MR     +....                    S - amulet of regeneration
Stlth  ..........               (no ring)
                                Z - ring of stealth

@: lethally poisoned (-4 -> -4), very slightly contaminated, invisible, somewhat
resistant to hostile enchantments, extremely unstealthy
A: high mp 1, sustain attributes
a: no special abilities


You were on level 1 of the Lair of Beasts.
You were hungry.

You visited 2 branches of the dungeon, and saw 11 of its levels.
You also visited: Sewer.

You collected 519 gold pieces.
You spent 336 gold pieces at shops.

Inventory:

Hand Weapons
 z - a +0 lajatang
 I - a +0 blowgun
 M - a +2 quarterstaff of chaos (weapon)
 P - a +0 quarterstaff
Missiles
 b - 5 javelins (quivered)
 j - 335 stones
 E - 7 needles of slowing
 T - 5 tomahawks
 U - a throwing net
 Y - 43 poisoned needles
Armour
 u - a +2 cloak (worn)
 v - a +1 pair of boots (worn)
 y - a +1 helmet (worn)
 L - a +0 plate armour (worn)
Jewellery
 n - an uncursed amulet of rage
 x - an uncursed ring of ice
 S - an amulet of regeneration (around neck)
 Z - a ring of stealth (left hand)
Wands
 f - a wand of cold (0)
 H - a wand of cold (6)
 R - a wand of heal wounds (5)
Scrolls
 d - a scroll of enchant armour {unknown}
 g - 2 scrolls of immolation {unknown}
 h - 2 scrolls of fog
 i - 2 scrolls of recharging
 p - 4 scrolls of magic mapping {unknown}
 q - 4 scrolls of enchant weapon {unknown}
 B - 2 scrolls of remove curse
 F - a scroll of teleportation
 G - 2 scrolls of noise {unknown}
 J - 2 scrolls of blinking {unknown}
 W - a scroll of silence {unknown}
Potions
 a - a potion of magic
 c - a potion of berserk rage {unknown}
 e - a potion of flight
 k - a potion of resistance
 o - 3 potions of curing
 s - a potion of agility
 w - 2 potions of haste
 A - a potion of cancellation
 D - 2 potions of cure mutation
 N - a potion of poison {unknown}
 Q - 2 potions of might
Comestibles
 l - 2 meat rations
 r - 5 bread rations
 K - 4 royal jellies
 V - 7 beef jerkies


   Skills:
 - Level 10.2 Fighting
 + Level 12.2 Staves
 - Level 3.6 Throwing
 - Level 1.7 Dodging
 - Level 0.8 Stealth


You had 9 spell levels left.
You didn't know any spells.

Dungeon Overview and Level Annotations

Branches:
Dungeon (10/15)            Temple (0/1) D:5            Lair (1/8) D:10
    Orc: D:9-12

Shops:
D:7 (   D:8 !

Annotations:
D:5 Grinder


Innate Abilities, Weirdness & Mutations

You have an increased reservoir of magic (+10% MP).
Your attributes are resistant to harm.


Message History

The seven-headed hydra closely misses you.
The seven-headed hydra bites you.
* * * LOW HITPOINT WARNING * * *
The seven-headed hydra bites you.
* * * LOW HITPOINT WARNING * * *
The seven-headed hydra closely misses you.
The seven-headed hydra bites you!!
* * * LOW HITPOINT WARNING * * *
You are very lightly contaminated with residual magic.
Evoke which item? (* to show all) (? for menu, Esc to quit)
Zapping:
R - a wand of heal wounds (6)
Press: ? - help, Shift-Dir - straight line, f - you, p - seven-headed hydra You feel much better.
This wand has 5 charges left.
You feel sick.
The seven-headed hydra bites you but does no damage.
The seven-headed hydra bites you!
* * * LOW HITPOINT WARNING * * *
The seven-headed hydra bites you!
* * * LOW HITPOINT WARNING * * *
The seven-headed hydra bites you!!
You die...

... ................
... ................
... ................
### #.
................ #..
........../.....
#...##
#######..##.P##..
#...#.####P####...#
....
.#....#........#...#
.... .#...
#......D@.''..# F..
.....##+........##..#
..
#P.............##.##
. #P..+.⌠.###########
####...#....##
........#....#####
.........#........
..........#....⌠..
..........##......


You could see a seven-headed hydra (berserk).

Vanquished Creatures
  A hydra (Lair:1)
  Joseph (D:9)
  2 spiny frogs (Lair:1)
  A troll (D:10)
  A deep elf mage (D:9)
  3 wolves (D:10)
  A hippogriff (D:6)
  2 hungry ghosts
  3 water moccasins
  A porcupine (Lair:1)
  A sky beast (D:10)
  3 orc warriors
  An ice beast (D:6)
  3 necrophages (D:9)
  5 ogres
  2 wasps
  11 big kobolds
  A phantom (D:7)
  The ghost of McCoppin the Sneak, an amateur DEMo (D:4)
  6 centaurs
  8 giant frogs
  3 scorpions
  3 killer bees (D:10)
  13 wights
  2 electric eels (D:10)
  2 crimson imps
  A centaur zombie (D:10)
  A giant frog zombie (D:10)
  4 jellies
  4 orc wizards
  A quasit (D:10)
  3 giant frog skeletons
  Crazy Yiuf (D:5)
  2 centaur skeletons
  6 orc priests
  7 hounds
  4 iguanas
  6 worker ants
  2 hound zombies
  5 hound skeletons
  A worker ant zombie (D:9)
  Robin (D:3)
  5 adders
  3 river rats (Sewer)
  3 oozes (Sewer)
  2 adder skeletons (D:8)
  9 worms
  4 giant geckos
  22 orcs
  7 ball pythons (Sewer)
  5 bats
  13 hobgoblins
  19 kobolds
  5 quokkas
  11 giant cockroaches
  6 giant newts
  19 goblins
  17 jackals
  2 jackal skeletons (D:4)
  12 rats
294 creatures vanquished.

Notes
Turn   | Place    | Note
--------------------------------------------------------------
     0 | D:1      | McCoppin the Demigod Hunter began the quest for the Orb.
     0 | D:1      | Reached XP level 1. HP: 17/17 MP: 3/3
   323 | D:1      | Reached XP level 2. HP: 25/25 MP: 4/4
  1283 | D:1      | Reached XP level 3. HP: 31/31 MP: 5/5
  2194 | D:2      | Reached skill level 4 in Fighting
  2357 | D:2      | Reached XP level 4. HP: 40/40 MP: 6/6
  2695 | D:3      | Found a glowing drain.
  2706 | Sewer    | Entered a sewer
  2961 | Sewer    | Noticed a big kobold
  3002 | Sewer    | Killed a big kobold
  3002 | Sewer    | Reached skill level 5 in Fighting
  3002 | Sewer    | Reached XP level 5. HP: 45/48 MP: 7/7
  3185 | Sewer    | Noticed a big kobold
  3223 | Sewer    | Killed a big kobold
  3341 | Sewer    | Noticed a big kobold
  3383 | Sewer    | Killed a big kobold
  3383 | Sewer    | Reached skill level 6 in Fighting
  3383 | Sewer    | Reached XP level 6. HP: 36/57 MP: 8/8
  3496 | Sewer    | Noticed a big kobold
  3545 | Sewer    | Killed a big kobold
  3587 | Sewer    | Noticed a big kobold
  3611 | Sewer    | Killed a big kobold
  3744 | Sewer    | Reached skill level 7 in Fighting
  3790 | Sewer    | Noticed a big kobold
  3831 | Sewer    | Killed a big kobold
  4091 | D:3      | Noticed Robin
  4128 | D:3      | Killed Robin
  4128 | D:3      | Reached XP level 7. HP: 64/66 MP: 9/9
  4348 | D:3      | Found a basalt altar of Yredelemnul.
  5098 | D:4      | Noticed McCoppin's ghost (amateur DEMo)
  5128 | D:4      | Killed McCoppin's ghost
  5164 | D:4      | Reached skill level 8 in Fighting
  5291 | D:4      | You fall through a shaft!
  5291 | D:5      | Entered Level 5 of the Dungeon
  5505 | D:5      | Found a staircase to the Ecumenical Temple.
  5764 | D:5      | Noticed Crazy Yiuf
  5786 | D:5      | Killed Crazy Yiuf
  6086 | D:5      | Noticed Grinder
  6511 | D:6      | Reached skill level 9 in Fighting
  6684 | D:6      | Reached XP level 8. HP: 27/78 MP: 10/10
  7000 | D:6      | Found a stormy altar of Qazlal.
  7364 | D:6      | Reached skill level 10 in Fighting
  7535 | D:6      | Found an iron altar of Okawaru.
  7543 | D:6      | Found a bloodstained altar of Trog.
  7544 | D:6      | Found a snail-covered altar of Cheibriados.
  7820 | D:6      | Reached skill level 1 in Staves
  8479 | D:7      | Found Omucrixo's Weapon Boutique.
  8613 | D:7      | Reached skill level 5 in Staves
  8613 | D:7      | Reached XP level 9. HP: 85/85 MP: 11/11
  9192 | D:8      | Found a shimmering altar of Xom.
  9657 | D:8      | Found Boul's Distillery.
  9663 | D:8      | Bought a potion of curing for 42 gold pieces
  9663 | D:8      | Bought a potion of haste for 140 gold pieces
  9663 | D:8      | Bought a potion of curing for 42 gold pieces
  9663 | D:8      | Bought a potion of agility for 56 gold pieces
  9663 | D:8      | Bought a potion of might for 56 gold pieces
  9697 | D:8      | Found a sacrificial altar of Ru.
 10214 | D:9      | Noticed Joseph
 10309 | D:9      | Reached XP level 10. HP: 91/91 MP: 13/13
 10374 | D:9      | Killed Joseph
 10567 | D:9      | Reached skill level 10 in Staves
 10656 | D:9      | You fall through a shaft!
 10656 | D:10     | Entered Level 10 of the Dungeon
 11323 | D:10     | Found a staircase to the Lair.
 11458 | D:10     | Reached skill level 11 in Staves
 11987 | Lair:1   | Entered Level 1 of the Lair of Beasts
 12312 | Lair:1   | Noticed an eight-headed hydra
 12350 | Lair:1   | Killed an eight-headed hydra
 12350 | Lair:1   | Reached skill level 12 in Staves
 12495 | Lair:1   | Noticed a seven-headed hydra
 12503 | Lair:1   | Slain by a seven-headed hydra

Action                   |  1- 3 |  4- 6 |  7- 9 | 10-12 || total
-------------------------+-------+-------+-------+-------++-------
Melee: Short sword       |    92 |       |       |       ||    92
       Whip              |   162 |       |       |       ||   162
       Dagger            |    62 |   414 |   414 |       ||   890
       Long sword        |       |       |    70 |       ||    70
       Quarterstaff      |       |       |   345 |    71 ||   416
       Lajatang          |       |       |       |   179 ||   179
Throw: Javelin           |    14 |    19 |    26 |       ||    59
       Throwing net      |       |     2 |     3 |       ||     5
Evoke: Wand              |       |       |     1 |     7 ||     8
  Use: Scroll            |     3 |     3 |    11 |     1 ||    18
       Potion            |       |       |     2 |     3 ||     5
 Stab: Held in net/web   |       |     1 |       |       ||     1
       Invisible         |       |       |     5 |       ||     5
       Confused          |       |       |     1 |       ||     1
  Eat: Chunk             |     2 |     5 |    26 |     8 ||    41
       Meat ration       |     1 |       |     1 |       ||     2
       Bread ration      |     1 |       |     3 |     2 ||     6
       Pizza             |       |       |       |     1 ||     1
